 Dungeon Crawl Stone Soup version 0.20-a0-903-g7e3609c (webtiles) character file.

323 Thatotherguy the Caller (level 6, -1/41 HPs)
             Began as a Barachi Summoner on Mar 21, 2017.
             Slain by an ufetubus (3 damage)
             ... summoned by Eustachio
             ... on level 5 of the Dungeon.
             The game lasted 00:14:37 (6664 turns).

Thatotherguy the Caller (Barachi Summoner)          Turns: 6664, Time: 00:14:38

Health: -1/41      AC:  2    Str:  8 (9)  XL:     6   Next: 47%
Magic:  5/11       EV: 18    Int: 21 (22) God:
Gold:   233        SH:  0    Dex: 17 (18) Spells: 2/12 levels left

rFire    . . .     SeeInvis .   r - staff of energy (curse)
rCold    . . .     Gourm    .   a - +0 robe
rNeg     . . .     Faith    .   (no shield)
rPois    .         Spirit   .   (no helmet)
rElec    .         Reflect  .   (no cloak)
rCorr    .         Harm     .   (no gloves)
MR       .....                  (no boots)
Stlth    +++.......             (no amulet)
Regen    0.2/turn               (no ring)
MPRegen  0.2/turn               (no ring)

@: brilliant, agile, lethally poisoned (-1 -> -11), slow
A: +LOS, swims, slowness 1, strong legs 1
a: Hop


You were on level 5 of the Dungeon.
You were not hungry.

You visited 2 branches of the dungeon, and saw 6 of its levels.

You collected 233 gold pieces.

Inventory:

Hand Weapons
 d - a +0 short sword
 p - a +0 dagger of venom
Armour
 a - a +0 robe (worn)
Magical Staves
 r - a cursed staff of energy (weapon)
Scrolls
 e - 8 scrolls of identify {unknown}
 f - 2 scrolls of amnesia {unknown}
 h - 4 scrolls of teleportation {unknown}
 i - a scroll of enchant weapon {unknown}
 j - 3 scrolls of remove curse {unknown}
 l - 3 scrolls of enchant armour {unknown}
 n - a scroll of fog {unknown}
 u - a scroll of blinking {unknown}
Potions
 t - a potion of resistance {unknown}
Books
 b - a book of Callings

   Spells                             Type                      Level
   a - Summon Small Mammal            Summoning                    1
   b - Call Imp                       Summoning                    2
   c - Call Canine Familiar           Summoning                    3
   d - Summon Guardian Golem          Hexes/Summoning              3
   e - Summon Lightning Spire         Summoning/Air                4
   f - Summon Ice Beast               Ice/Summoning                4
Comestibles
 c - 4 bread rations
 g - 4 royal jellies
 k - 2 meat rations
 m - 2 fruits


   Skills:
 - Level 2.1 Dodging
 - Level 1.8 Stealth
 + Level 3.5 Spellcasting
 - Level 7.0 Summonings
 - Level 4.2 Ice Magic


You had 2 spell levels left.
You knew the following spells:

 Your Spells              Type           Power        Failure   Level  Hunger
a - Summon Small Mammal   Summ           ####         1%          1    None
b - Call Imp              Summ           #####...     1%          2    None
c - Call Canine Familiar  Summ           #####...     1%          3    None
d - Summon Ice Beast      Ice/Summ       #####...     1%          4    None


Dungeon Overview and Level Annotations

Branches:
Dungeon (5/15)             Temple (1/1) D:4

Altars:
Ashenzari
Elyvilon
Hepliaklqana
Nemelex Xobeh
Okawaru
Qazlal
Ru
Trog
Vehumet
Xom
Yredelemnul
The Shining One

Annotations:
D:5 Eustachio


Innate Abilities, Weirdness & Mutations

Shadows flee at your approach. (+LOS)
You can swim through water.
You cover ground slowly.
You can hop short distances.


Message History

Eustachio mumbles some strange words.
Your ice beast barely misses Eustachio.
The quokka closely misses you. The iguana bites your ice beast.
The ufetubus completely misses you. The ufetubus closely misses you.
It was a potion of degeneration.
There was something very wrong with that liquid.
You feel weakened.
You feel dopey.
You feel clumsy.
* * * LOW HITPOINT WARNING * * *
You feel sick. The crimson imp hits your ice beast.
Your ice beast barely misses Eustachio.
The ufetubus misses you. The ufetubus completely misses you.
The white imp hits your ice beast but does no damage.
The quokka misses you.
Your ice beast completely misses the ufetubus.
The iguana barely misses your ice beast.
It was a potion of brilliance.
You feel clever all of a sudden.
* * * LOW HITPOINT WARNING * * *
You feel sick. The ufetubus hits you.
You die...

.. #. .. .#
.###.## .. .....
##.##..# #....<.#
#.#.##.# # $
#......# . .#
#..#...#### .#
... ...
###..@r##.##....
...
####5r#....... (.
..####.rY5......$
.
........Yl.......
..####..†5......#
.................
##.##............
#............
#.............


You could see an iguana, a crimson imp, a river rat, a white imp, an ufetubus, 2
quokkas and 2 friendly ice beasts.

Vanquished Creatures
  A hound skeleton (D:4)
  3 adders
  A dart slug (D:3)
  An orc (D:3)
  5 bats
  6 goblins
  5 hobgoblins
  6 jackals
  4 quokkas
  A ball python skeleton (D:4)
  4 frilled lizards
  6 kobolds
  2 quokka skeletons (D:4)
  2 rats
47 creatures vanquished.

Vanquished Creatures (collateral kills)
  A necrophage (D:4)
  A scorpion (D:4)
  A hound (D:4)
  Natasha (twice) (D:2)
  An iguana (D:4)
  2 worker ants
  5 adders
  3 worms
  6 dart slugs
  2 leopard geckos (D:1)
  9 orcs
  2 giant cockroaches (D:1)
  4 hobgoblins (D:1)
  5 jackals
  2 frilled lizards
  2 goblins
  6 kobolds
  5 rats (D:1)
59 creatures vanquished.

Grand Total: 106 creatures vanquished

Notes
Turn   | Place    | Note
-------+----------+-------------------------------------------
     0 | D:1      | Thatotherguy the Barachi Summoner began the quest for the Orb.
     0 | D:1      | Reached XP level 1. HP: 13/13 MP: 3/3
    42 | D:1      | Reached skill level 5 in Summonings
   607 | D:1      | Reached XP level 2. HP: 19/19 MP: 5/5
   618 | D:1      | Learned a level 2 spell: Call Imp
   790 | D:1      | Reached XP level 3. HP: 15/24 MP: 1/7
  1996 | D:2      | Reached skill level 6 in Summonings
  2038 | D:2      | Reached XP level 4. HP: 19/30 MP: 8/8
  2605 | D:2      | Noticed Natasha
  2614 | D:2      | Killed Natasha
  2865 | D:2      | Noticed Natasha
  2887 | D:2      | Killed Natasha
  3139 | D:2      | Reached XP level 5. HP: 30/35 MP: 10/10
  3273 | D:3      | Found an iron altar of Okawaru.
  3276 | D:3      | Found a sparkling altar of Nemelex Xobeh.
  3709 | D:3      | Found a sacrificial altar of Ru.
  4124 | D:3      | Reached skill level 7 in Summonings
  4136 | D:3      | Learned a level 3 spell: Call Canine Familiar
  4141 | D:3      | Learned a level 4 spell: Summon Ice Beast
  4214 | D:4      | Found a staircase to the Ecumenical Temple.
  4226 | D:4      | Reached skill level 1 in Ice Magic
  4485 | Temple   | Entered the Ecumenical Temple
  4808 | D:4      | Noticed a necrophage
  4824 | D:4      | Killed a necrophage
  4824 | D:4      | Reached XP level 6. HP: 41/41 MP: 3/11
  5351 | D:4      | Noticed a smoke demon
  6599 | D:5      | Entered Level 5 of the Dungeon
  6606 | D:5      | Noticed Eustachio
  6664 | D:5      | HP: 2/41 [poisoned by a worker ant]
  6664 | D:5      | Slain by an ufetubus

Vault maps used:
D:1:      dpeg_arrival_brainrot
D:2:      uniq_natasha
D:3:      old_standard_altar, lemuel_crystal_altar, first_bread,
          nicolae_ru_sacrificial_ziggurat
D:4:      temple_green
D:5:      minmay_misc_feat_rows, minivault_1, minmay_misc_feat_cross,
          uniq_eustachio, uniq_crazy_yiuf_cottage
Temple:   compressed_dpeg_triangle_lava_temple

Skill      XL: |  1  2  3  4  5  6 |
---------------+-------------------+-----
Summonings     | 5 6 7 |  7.0
Spellcasting   | 3 |  3.5
Ice Magic      | 3 4 |  4.2
Dodging        | |  2.1
Stealth        | |  1.8

Action                   |  1- 3 |  4- 6 || total
-------------------------+-------+-------++-------
Melee: Short sword       |   113 |    57 ||   170
       Unarmed           |     4 |       ||     4
       Dagger            |       |    48 ||    48
       Staff             |       |    63 ||    63
 Cast: Summon Small Mamm |    14 |     9 ||    23
       Call Imp          |    14 |    22 ||    36
       Call Canine Famil |       |     4 ||     4
       Summon Ice Beast  |       |    12 ||    12
 Abil: Hop               |     1 |     1 ||     2
  Use: Potion            |       |     4 ||     4
 Stab: Distracted        |     1 |     2 ||     3
       Sleeping          |       |     1 ||     1
  Eat: Chunk             |     5 |    10 ||    15
       Meat ration       |       |     1 ||     1
       Bread ration      |       |     1 ||     1
Armor: Robe              |    23 |    27 ||    50
Dodge: Dodged            |    75 |   156 ||   231
